 Dungeon Crawl Stone Soup version 0.25-a0-178-gc9f82b1288 (webtiles) character file.

Game seed: 9477253950238779445, levelgen mode: deterministic

6372 kahmseemeda the Bolt Thrower (level 10, -2/49 HPs)
             Began as a Spriggan Hunter on Nov 27, 2019.
             Was an Elder of Okawaru.
             Shot with a bolt by an orc warlord (35 damage)
             ... in a bailey.
             The game lasted 01:00:49 (14002 turns).

kahmseemeda the Bolt Thrower (Spriggan Hunter)     Turns: 14002, Time: 01:00:49

Health: -2/49      AC:  8    Str: 13    XL:     10   Next: 65%
Magic:  18/18      EV: 23    Int: 14    God:    Okawaru [****..]
Gold:   682        SH:  0    Dex: 16    Spells: 9/19 levels left

rFire    . . .     SeeInvis +   a - +2 hand crossbow
rCold    . . .     Gourm    .   (shield restricted)
rNeg     . . .     Faith    .   F - +2 robe {MR+}
rPois    .         Spirit   .   e - +2 hat
rElec    .         Reflect  .   (no cloak)
rCorr    .         Harm     .   (gloves unavailable)
MR       ++...                  (boots unavailable)
Stlth    ++++......             (no amulet)
HPRegen  0.16/turn              M - ring of wizardry
MPRegen  0.16/turn              (no ring)

@: very quick
A: very small, unfitting armour, yellow scales 1, see invisible, herbivore,
speed 3, slow metabolism 2, strong 1
a: Heroism, Renounce Religion


You were in a bailey.
You worshipped Okawaru.
Okawaru was greatly pleased with you.
You were not hungry.

You visited 2 branches of the dungeon, and saw 11 of its levels.
You also visited: Bailey.

You collected 682 gold pieces.

Inventory:

Hand Weapons
 a - a +2 hand crossbow (weapon)
 b - a +0 short sword of holy wrath
 R - a +2 scimitar of flaming
Missiles
 d - 69 bolts
 p - 204 stones
 P - 6 boomerangs (quivered)
Armour
 c - a +1 robe
 e - a +2 hat (worn)
 F - a +2 robe of magic resistance (worn)
Magical Staves
 C - an uncursed staff of wizardry
Jewellery
 r - the ring "Omnimim" {rF+ rN+ AC+1}
   (You took it off an orc warrior in a bailey)

   [ring of protection]

   It affects your AC (+1).
   It protects you from fire.
   It protects you from negative energy.
 M - a ring of wizardry (left hand)
Wands
 A - a wand of iceblast (3)
 E - a wand of polymorph (6)
 N - a wand of random effects (9)
 O - a wand of acid (15)
Scrolls
 g - a scroll of fear {unknown}
 h - 3 scrolls of amnesia {unknown}
 j - 2 scrolls of enchant armour
 k - 7 scrolls of teleportation
 l - 4 scrolls of enchant weapon
 n - a scroll of identify
 s - a scroll of magic mapping
 u - 2 scrolls of fog {unknown}
 y - a scroll of acquirement {unknown}
 B - 2 scrolls of remove curse
 D - 2 scrolls of random uselessness {unknown}
 K - a scroll of immolation {unknown}
 Q - a scroll of noise {unknown}
Potions
 i - a potion of resistance
 m - 5 potions of curing
 o - a potion of cancellation
 t - 4 potions of lignification
 v - a potion of ambrosia
 w - 2 potions of agility
 x - 4 potions of heal wounds
 z - 3 potions of might
 G - a potion of mutation
 H - 2 potions of invisibility
 I - a potion of experience {unknown}
 J - 2 potions of haste
 L - a potion of berserk rage
Comestibles
 f - 23 rations


   Skills:
 + Level 4.0 Fighting
 + Level 6.6 Short Blades
 + Level 7.8 Crossbows
 - Level 7.0 Throwing
 + Level 7.6 Dodging
 - Level 6.8 Stealth
 * Level 5.1 Spellcasting
 - Level 1.4 Conjurations
 - Level 2.8 Hexes
 - Level 1.4 Translocations
 - Level 1.5 Fire Magic
 - Level 2.3 Ice Magic
 - Level 4.1 Invocations


You had 9 spell levels left.
You knew the following spells:

 Your Spells              Type           Power        Failure   Level  Hunger
a - Ensorcelled Hibernat  Hex/Ice        ##....       3%          2    ##.....
b - Blink                 Tloc           N/A          6%          2    ##.....
c - Conjure Flame         Conj/Fire      #.......     12%         3    ###....
d - Confuse               Hex            ##......     6%          3    ###....

Your spell library contained the following spells:

 Spells                   Type           Power        Failure   Level  Hunger
 Corona                   Hex            ##.....      2%          1    None
 Slow                     Hex            ##......     3%          2    ##.....
 Magic Dart               Conj           #...         4%          1    None
 Tukima's Dance           Hex            ##......     6%          3    ###....
 Dazzling Spray           Conj/Hex       #.....       9%          3    ###....
 Call Imp                 Summ           #.......     11%         2    ##.....
 Mephitic Cloud           Conj/Pois/Air  #.......     17%         3    ###....


Dungeon Overview and Level Annotations

Branches:
Dungeon (10/15)            Temple (1/1) D:4            Lair (0/6) D:10
 Bailey (1/1)
    Orc: D:9-12

Altars:
Ashenzari
Cheibriados
Dithmenos
Elyvilon
Fedhas
Gozag
Hepliaklqana
Kikubaaqudgha
Makhleb
Nemelex Xobeh
Okawaru
Qazlal
Ru
Sif Muna
Trog
Uskayaw
Vehumet
Xom
Yredelemnul
Zin
The Shining One

Annotations:
D:2 exclusion: downstairs
D:7 exclusion: 2 downstairs
D:9 exclusion: 2 downstairs
D:10 Harold


Innate Abilities, Weirdness & Mutations

You are very small and have problems with some larger weapons.
You are too small for most types of armour.
You have supernaturally acute eyesight. (SInv)
You are a herbivore.
You cover ground extremely quickly.
You need to consume almost no food.
You are partially covered in yellow scales. (AC +2)
Your muscles are strong. (Str +2)


Message History

Aim: an orc warrior, wielding a +0 war axe and wearing a +0 scale mail (lightly wounded, unusually strong)
You throw a boomerang. The boomerang hits the orc warrior.
The orc warrior is moderately wounded.
Throwing (i - inventory. (/) - cycle)
P - 6 boomerangs (quivered)
Press: ? - help, Shift-Dir - straight line, f/p - orc warrior
Aim: an orc warrior, wielding a +0 war axe and wearing a +0 scale mail (moderately wounded, unusually strong)
You throw a boomerang. The boomerang hits the orc warrior.
The orc warrior is heavily wounded.
An orc warrior comes into view. It is wielding a +0 broad axe.
The orc warlord shoots a bolt.
The bolt completely misses you.
There is an open door here.
You see here a bolt.
Throwing (i - inventory. (/) - cycle)
P - 6 boomerangs (quivered)
Press: ? - help, Shift-Dir - straight line, f/p - orc warrior
Aim: an orc warrior, wielding a +0 war axe and wearing a +0 scale mail (heavily wounded, unusually strong)
You throw a boomerang. The boomerang hits the orc warrior!
The orc warrior is severely wounded.
The orc warlord shoots a bolt.
The bolt hits you!!
Ouch! That really hurt!
You die...

### ## ###.### ###.###
###.....### ###.....###
##)).......###.........##
#...........#.).........#
#........)).@).)........#
#.....⌠)))..#...).⌠.....#
#....)......#...........#
#)......)...#......o(...#
###.).......###..o....).###
###.#'#)....###
###.....#o#.###
##.....###.###
###.###.(...## .........###
###...((.... ...)......#
.##8......)..


You could see an orc warlord and an orc warrior.

Vanquished Creatures
  Erica (D:9)
  A spriggan (D:7)
  Sigmund (D:6)
  A hungry ghost (D:7)
  Duvessa (D:5)
  11 orc warriors
  3 ice beasts
  2 sky beasts (D:5)
  5 ogres
  3 phantoms
  2 centaurs
  3 big kobolds
  4 bullfrogs
  Dowan (D:5)
  3 scorpions
  12 killer bees
  5 wights (D:7)
  4 howler monkeys
  3 crimson imps
  5 orc priests
  3 orc wizards
  5 hounds
  2 jellies
  2 bullfrog skeletons
  A centaur skeleton (D:8)
  3 iguanas
  Terence (D:3)
  5 worker ants
  A hound zombie (D:5)
  A hound skeleton (D:6)
  3 worker ant zombies
  3 gnolls (Bailey)
  14 adders
  A shadow imp (D:5)
  4 oozes
  An adder zombie (D:9)
  2 adder skeletons
  2 worms (D:3)
  2 dart slugs
  A leopard gecko (D:8)
  53 orcs
  2 bat zombies (D:2)
  5 giant cockroaches
  25 goblins
  25 hobgoblins
  10 jackals
  4 quokkas
  4 ball pythons (D:3)
  5 bats (D:3)
  9 frilled lizards
  11 kobolds
  2 quokka zombies
  4 rats
287 creatures vanquished.

Notes
Turn   | Place    | Note
-------+----------+-------------------------------------------
     0 | D:1      | kahmseemeda the Spriggan Hunter began the quest for the
                  | Orb.
     0 | D:1      | Reached XP level 1. HP: 10/10 MP: 2/2
    80 | D:1      | Reached XP level 2. HP: 14/14 MP: 3/3
   817 | D:2      | Reached XP level 3. HP: 10/18 MP: 4/4
  1109 | D:2      | Found a faded altar of an unknown god.
  1297 | D:2      | Reached skill level 1 in Short Blades
  1414 | D:2      | Reached XP level 4. HP: 21/23 MP: 5/5
  1728 | D:2      | Reached XP level 5. HP: 22/26 MP: 6/6
  1874 | D:2      | Found an ancient bone altar of Kikubaaqudgha.
  2131 | D:3      | Found a glowing golden altar of the Shining One.
  2229 | D:3      | Reached skill level 5 in Crossbows
  2282 | D:3      | Reached skill level 5 in Dodging
  2555 | D:3      | Noticed Terence
  2574 | D:3      | Killed Terence
  2621 | D:3      | Reached XP level 6. HP: 30/30 MP: 7/7
  3470 | D:3      | Found a burning altar of Makhleb.
  3793 | D:4      | Found an opulent altar of Gozag.
  3895 | D:4      | Reached skill level 1 in Throwing
  3895 | D:4      | Reached XP level 7. HP: 11/35 MP: 8/8
  4304 | D:4      | Found a staircase to the Ecumenical Temple.
  4328 | Temple   | Entered the Ecumenical Temple
  4358 | Temple   | Became a worshipper of Warmaster Okawaru
  4771 | D:5      | Entered Level 5 of the Dungeon
  5412 | D:5      | Found a bloodstained altar of Trog.
  5532 | D:5      | Found a hide-covered altar of Uskayaw.
  5532 | D:5      | Noticed a +0 hand axe
  5532 | D:5      | Noticed a +0 hand axe
  5668 | D:5      | Reached XP level 8. HP: 40/40 MP: 9/9
  5795 | D:5      | Reached * piety under Okawaru
  5851 | D:5      | Noticed Duvessa
  5852 | D:5      | Noticed Dowan
  5944 | D:5      | Killed Duvessa
  6638 | D:5      | Killed Dowan
  6780 | D:6      | Learned a level 2 spell: Ensorcelled Hibernation
  6820 | D:6      | Noticed Sigmund
  6870 | D:6      | Killed Sigmund
  6870 | D:6      | Reached skill level 1 in Invocations
  7083 | D:6      | Reached skill level 5 in Short Blades
  7083 | D:6      | Reached skill level 1 in Spellcasting
  7083 | D:6      | Reached skill level 1 in Hexes
  7113 | D:6      | Reached skill level 1 in Ice Magic
  7689 | D:6      | Reached XP level 9. HP: 35/44 MP: 12/12
  7772 | D:6      | Reached skill level 5 in Throwing
  7991 | D:6      | Found a sparkling altar of Nemelex Xobeh.
  8469 | D:7      | Reached skill level 5 in Stealth
  8757 | D:7      | Reached ** piety under Okawaru
  9488 | D:7      | Learned a level 2 spell: Blink
  9492 | D:7      | Learned a level 3 spell: Conjure Flame
  9641 | D:7      | Reached skill level 1 in Translocations
 11072 | D:8      | Found a hazy altar of Hepliaklqana.
 11199 | D:8      | Gained mutation: Your muscles are strong. (Str +2) [potion
                  | of mutation]
 11199 | D:8      | Gained mutation: You are partially covered in yellow
                  | scales. (AC +2) [potion of mutation]
 11290 | D:8      | Reached XP level 10. HP: 32/49 MP: 16/16
 11592 | D:8      | Reached *** piety under Okawaru
 11998 | D:8      | Found a glowing silver altar of Zin.
 11998 | D:8      | Found a basalt altar of Yredelemnul.
 12050 | D:9      | Noticed Erica
 12180 | D:9      | Reached skill level 1 in Conjurations
 12291 | D:9      | Found a hazy altar of Hepliaklqana.
 12351 | D:9      | Received a gift from Okawaru
 12459 | D:9      | Reached skill level 1 in Fire Magic
 12555 | D:9      | Found an ancient bone altar of Kikubaaqudgha.
 12979 | D:9      | Killed Erica
 13060 | D:10     | Entered Level 10 of the Dungeon
 13060 | D:10     | Noticed Harold
 13117 | D:10     | Found a sparkling altar of Nemelex Xobeh.
 13204 | D:10     | Found a flagged portal.
 13236 | Bailey   | Entered a bailey
 13247 | Bailey   | Learned a level 3 spell: Confuse
 13841 | Bailey   | Identified the ring "Omnimim" {rF+ rN+ AC+1}
 13906 | Bailey   | Noticed an orc knight
 13924 | Bailey   | Reached **** piety under Okawaru
 13924 | Bailey   | Reached skill level 5 in Spellcasting
 13986 | Bailey   | Noticed an orc warlord
 14002 | Bailey   | Shot with a bolt by an orc warlord

Levels and vault maps discovered:
D:1:      dpeg_arrival_connections, layout_rooms
D:2:      cheibrodos_pilgrimage, layout_basic,
          lemuel_zombie_altar_kikubaaqudgha, serial_glass, glass_columns_c,
          glass_columns_b, chequers_ecumenical_altar_simple, first_ration
D:3:      minmay_bubble_buster, layout_loops_corners,
          lemuel_coloured_pillars_altar, lemuel_crystal_altar, uniq_terence
D:4:      layout_loops_cross, nicolae_gozag_cash_rules_everything_around_me,
          minmay_temple_entry_statues_fountains
D:5:      layout_loops_corners, kennysheep_mini, dancing_weapons_uskayaw,
          uniq_duvessa
D:6:      layout_layer_cave, lemuel_doored_altar, uniq_sigmund
D:7:      layout_basic, the_bakery, roderic_lattice_a
D:8:      layout_rooms, amethyst_overflow_temple_binary, basic_altar,
          special_room [special_room_orc]
D:9:      layout_cave_pools, lemuel_crystal_altar, basic_altar, uniq_erica
D:10:     layout_roguey, dpeg_oklobed_lair, enter_bailey_3, serial_shops, shop,
          lemuel_statue_altar, uniq_nergalle, uniq_harold
Temple:   minmay_temple_bridge_abc
Bailey:   bailey_axe_minmay_hex_keep, bailey

Skill      XL: |  1  2  3  4  5  6  7  8  9 10 |
---------------+-------------------------------+-----
Short Blades   | 1 2 3 4 5 6 |  6.6
Dodging        | 4 5 6 7 |  7.6
Stealth        | 2 4 5 6 |  6.8
Fighting       | 2 3 4 |  4.0
Crossbows      | 5 6 7 |  7.8
Throwing       | 1 2 4 6 7 |  7.0
Invocations    | 1 3 4 |  4.1
Spellcasting   | 1 3 5 |  5.1
Hexes          | 1 2 |  2.8
Ice Magic      | 1 2 |  2.3
Translocations | 1 |  1.4
Conjurations   | 1 |  1.4
Fire Magic     | 1 |  1.5

Action                   |  1- 3 |  4- 6 |  7- 9 | 10-12 || total
-------------------------+-------+-------+-------+-------++-------
Melee: Short sword       |   110 |   219 |   373 |    93 ||   795
 Fire: Hand crossbow     |    11 |    83 |   162 |    58 ||   314
Throw: Dart              |       |    18 |   244 |   153 ||   415
       Stone             |       |     8 |    24 |     1 ||    33
       Boomerang         |       |       |    88 |    74 ||   162
Invok: Heroism           |       |       |     1 |       ||     1
  Use: Potion            |     1 |       |     1 |       ||     2
       Scroll            |       |       |    11 |     5 ||    16
 Stab: Sleeping          |     3 |    10 |    13 |     2 ||    28
       Distracted        |       |       |     1 |       ||     1
  Eat: Ration            |       |     1 |     3 |     1 ||     5
Armor: Robe              |    14 |    37 |    35 |    11 ||    97
Dodge: Dodged            |   102 |   240 |   358 |   102 ||   802

Table legend:
 A = Non-vault XP
 B = Vault XP
 C = Vault XP percentage of total XP
 D = Non-vault monster count
 E = Vault monster count
 F = Vault count percentage of total count
                 A         B        C        D         E       F
            +---------+---------+-------+---------+---------+-------
      Total |    5426 |    3677 |  40.4 |     176 |     111 |  38.7
            +---------+---------+-------+---------+---------+-------
        D:1 |      29 |       0 |   0.0 |      13 |       0 |   0.0
        D:2 |      94 |     102 |  52.0 |      20 |       8 |  28.6
        D:3 |     262 |      75 |  22.3 |      34 |      11 |  24.4
        D:4 |     494 |       0 |   0.0 |       9 |       0 |   0.0
        D:5 |     729 |     218 |  23.0 |      15 |       2 |  11.8
        D:6 |     829 |     208 |  20.1 |      20 |       1 |   4.8
        D:7 |    1397 |     218 |  13.5 |      27 |       2 |   6.9
        D:8 |     587 |     604 |  50.7 |      19 |      23 |  54.8
        D:9 |     858 |     912 |  51.5 |      16 |       1 |   5.9
       D:10 |     147 |       7 |   4.5 |       3 |       4 |  57.1
     Bailey |       0 |    1333 | 100.0 |       0 |      59 | 100.0
            +---------+---------+-------+---------+---------+-------
